 Dungeon Crawl Stone Soup version 0.29.1-1-gd02db6906a (webtiles) character file.

Game seed: 2553358861197940683

2319 safid the Skirmisher (level 9, 0/63 (69) HPs)
             Began as a Minotaur Hunter on Oct 21, 2022.
             Was a Believer of Okawaru.
             Slain by a wight
             ... wielding a +3 scimitar
              (16 damage)
             ... on level 7 of the Dungeon.
             The game lasted 00:14:21 (8347 turns).

safid the Skirmisher (Minotaur Hunter)              Turns: 8347, Time: 00:14:21

HP:   0/63 (69)     AC:  6    Str: 16    XL:     9   Next: 18%
MP:   8/8           EV: 15    Int:  6    God:    Okawaru [**....]
Gold: 471           SH:  0    Dex: 18    Spells: 8/8 levels left

rFire   . . .      SeeInvis .   a - +0 shortbow
rCold   . . .      Faith    .   (shield currently unavailable)
rNeg    . . .      Spirit   .   y - +0 ring mail
rPois   .          Reflect  .   (helmet restricted)
rElec   .          Harm     .   (no cloak)
rCorr   .          Rampage  .   k - +0 pair of gloves
Will    .....                   (no boots)
Stlth   +.........              (no amulet)
HPRegen 0.20/turn               u - +4 ring of evasion
MPRegen 0.11/turn               (no ring)

@: drained
A: horns 2, retaliatory headbutt
a: Renounce Religion, Heroism


You were on level 7 of the Dungeon.
You worshipped Okawaru.
Okawaru was pleased with you.
You visited 2 branches of the dungeon, and saw 8 of its levels.
You also visited: Sewer.

You collected 471 gold pieces.

Inventory:

Hand Weapons
 a - a +0 shortbow (weapon)
Missiles
 o - a curare-tipped dart
 A - 6 javelins
 E - 2 throwing nets
Armour
 k - a +0 pair of gloves (worn)
 y - a +0 ring mail (worn)
 C - a +0 pair of gloves
Jewellery
 u - a +4 ring of evasion (left hand)
Wands
 f - a wand of light (7)
 B - a wand of mindburst (3)
 D - a wand of flame (23)
Scrolls
 d - 9 scrolls of teleportation
 i - 2 scrolls of blinking
 j - 2 scrolls of fear
 s - 2 scrolls of silence
 t - a scroll of enchant armour {unknown}
 w - a scroll of butterflies {unknown}
Potions
 b - a potion of degeneration {unknown}
 e - 4 potions of curing
 l - a potion of heal wounds
 m - 3 potions of flight {unknown}
 n - 2 potions of magic {unknown}
 p - 3 potions of might
 q - a potion of invisibility {unknown}
 r - a potion of mutation {unknown}
 v - a potion of lignification {unknown}
 z - a potion of brilliance {unknown}
 F - a potion of haste {unknown}


   Skills:
 - Level 3.0 Fighting
 + Level 13.8 Ranged Weapons
 - Level 2.1 Dodging
 - Level 0.7 Stealth


You had 8 spell levels left.
You didn't know any spells.
Your spell library contained the following spells:

 Spells                   Type           Power      Damage    Failure   Level
 Beastly Appendage        Tmut           0%         N/A       67%         1
 Wereblood                Tmut           0%         N/A       82%         2
 Ozocubu's Armour         Ice            0%         N/A       96%         3
 Spider Form              Tmut/Pois      0%         N/A       96%         3
 Anguish                  Hex/Necr       0%         N/A       100%        4
 Corpse Rot               Necr/Pois/Air  0%         N/A       100%        4
 Dispel Undead            Necr           0%         3d6       100%        4
 Metabolic Englaciation   Hex/Ice        0%         N/A       100%        5
 Enfeeble                 Hex            0%         N/A       100%        7
 Death Channel            Necr           Unusable   N/A       N/A         6
 Simulacrum               Ice/Necr       Unusable   N/A       N/A         6

Dungeon Overview and Level Annotations

Branches:
Dungeon (7/15)             Temple (1/1) D:4           Sewer (visited)

Altars:
Ashenzari
Cheibriados
Dithmenos
Elyvilon
Fedhas
Gozag
Hepliaklqana
Kikubaaqudgha
Makhleb
Okawaru
Qazlal
Ru
Uskayaw
Xom
Zin
The Shining One

Shops:
D:7 :

Annotations:
D:3 3 runed translucent doors, videwesjr's ghost, amateur MiBe; vvl's ghost, amateur DsIE


Innate Abilities, Weirdness & Mutations

You have a pair of horns on your head.
You reflexively headbutt those who attack you in melee.


Message History

Press: ? - help, Q - select action, (/) - cycle Shift-Dir - straight line, f - wight
Aim: a wight, wielding a +3 scimitar and wearing a +0 robe (68% to hit)
You shoot an arrow.
The arrow hits the wight but does no damage.
The wight closely misses you. You furiously retaliate!
You headbutt the wight, but do no damage.
Fire: a) +0 shortbow
Press: ? - help, Q - select action, (/) - cycle Shift-Dir - straight line, f/p - wight
Aim: a wight, wielding a +3 scimitar and wearing a +0 robe (68% to hit)
You shoot an arrow. The arrow barely misses the wight.
Unknown command.
Fire: a) +0 shortbow
Press: ? - help, Q - select action, (/) - cycle Shift-Dir - straight line, f/p - wight
Aim: a wight, wielding a +3 scimitar and wearing a +0 robe (68% to hit)
You shoot an arrow. The arrow hits the wight.
The wight is lightly damaged.
The wight completely misses you. You furiously retaliate!
You headbutt the wight.
Fire: a) +0 shortbow
Press: ? - help, Q - select action, (/) - cycle Shift-Dir - straight line, f/p - wight
Aim: a wight, wielding a +3 scimitar and wearing a +0 robe (heavily damaged, 68% to hit)
You shoot an arrow. The arrow closely misses the wight.
The wight completely misses you.
Fire: a) +0 shortbow
Press: ? - help, Q - select action, (/) - cycle Shift-Dir - straight line, f/p - wight
Aim: a wight, wielding a +3 scimitar and wearing a +0 robe (heavily damaged, 68% to hit)
You shoot an arrow. The arrow closely misses the wight.
The wight hits you with a +3 scimitar!
* * * LOW HITPOINT WARNING * * *
You feel much better. The wight hits you with a +3 scimitar!
* * * LOW HITPOINT WARNING * * *
You feel drained.
* * * LOW HITPOINT WARNING * * *
Fire: a) +0 shortbow
Press: ? - help, Q - select action, (/) - cycle Shift-Dir - straight line, f/p - wight
Aim: a wight, wielding a +3 scimitar and wearing a +0 robe (heavily damaged, 68% to hit)
You shoot an arrow. The arrow hits the wight.
The wight is heavily damaged.
The wight hits you with a +3 scimitar!
You die...

#.##.......
#..#.).....
#.........
##........
#........
#####
#.#######
#⌠..####
#.)##
#......#
##..#####
#...@..#
##..#...
##...#z..#
##.....
#....#...#
###.))
#...##...#
###) #...#
....# #.
#...# ....#
####) #...#
.)..# .....
#...# !⌠).#
####. #...#
#.


You could see a wight.

Vanquished Creatures
  Eustachio (D:5)
  An orc warrior (D:6)
  A black bear (D:5)
  An ogre (D:3)
  A centaur (D:6)
  3 phantoms
  A kobold brigand (Sewer)
  5 scorpions
  A necrophage (D:6)
  2 jellies
  5 hounds
  5 gnoll boudas
  3 orc priests
  Natasha (D:2)
  2 iguanas
  3 orc wizards
  15 adders
  26 gnolls
  7 river rats
  A shadow imp (D:7)
  A white imp (D:7)
  An ufetubus (D:5)
  2 dart slugs (D:1)
  2 worms (D:2)
  16 orcs
  3 endoplasms
  6 giant cockroaches
  7 goblins
  5 hobgoblins
  15 jackals
  10 kobolds
  4 quokkas
  12 ball pythons
  3 bats
  5 frilled lizards
  10 rats
187 creatures vanquished.

Vanquished Creatures (others)
  4 plants (Sewer)
  6 withered plants (D:3)
10 creatures vanquished.

Grand Total: 197 creatures vanquished

Notes
Turn   | Place    | Note
-------+----------+-------------------------------------------
     0 | D:1      | safid the Minotaur Hunter began the quest for the Orb.
     0 | D:1      | Reached XP level 1. HP: 18/18 MP: 0/0
   125 | D:1      | Reached XP level 2. HP: 10/25 MP: 1/1
   400 | D:1      | Reached skill level 5 in Ranged Weapons
   615 | D:1      | Reached XP level 3. HP: 24/31 MP: 2/2
  1428 | D:2      | Found a snail-covered altar of Cheibriados.
  1509 | D:2      | Noticed Natasha
  1516 | D:2      | Killed Natasha
  1517 | D:2      | Reached skill level 6 in Ranged Weapons
  1517 | D:2      | Reached XP level 4. HP: 32/38 MP: 3/3
  1905 | D:3      | Found a runed translucent gate.
  1907 | D:3      | Found a runed translucent gate.
  1908 | D:3      | Found a runed translucent gate.
  1947 | D:3      | Noticed an ogre
  1951 | D:3      | Killed an ogre
  1952 | D:3      | Reached skill level 7 in Ranged Weapons
  1952 | D:3      | Reached XP level 5. HP: 40/45 MP: 4/4
  1968 | D:3      | Noticed vvl's ghost (amateur DsIE)
  1968 | D:3      | Noticed videwesjr's ghost (amateur MiBe)
  2066 | D:3      | Found a glowing drain.
  2073 | Sewer    | Entered a sewer
  2097 | Sewer    | Reached XP level 6. HP: 33/51 MP: 5/5
  2290 | Sewer    | Reached skill level 8 in Ranged Weapons
  3477 | D:3      | Found a shadowy altar of Dithmenos.
  3481 | D:3      | Found a broken altar of Ashenzari.
  3481 | D:3      | Found a shimmering altar of Xom.
  3482 | D:3      | Found a stormy altar of Qazlal.
  3539 | D:3      | Found a faded altar of an unknown god.
  3875 | D:4      | Reached skill level 9 in Ranged Weapons
  3928 | D:4      | Reached XP level 7. HP: 57/57 MP: 6/6
  4674 | D:4      | Found a burning altar of Makhleb.
  4696 | D:4      | Found a staircase to the Ecumenical Temple.
  4820 | Temple   | Entered the Ecumenical Temple
  4931 | Temple   | Became a worshipper of Warmaster Okawaru
  5075 | D:5      | Entered Level 5 of the Dungeon
  5093 | D:5      | Reached skill level 10 in Ranged Weapons
  5361 | D:5      | Found a glowing silver altar of Zin.
  5429 | D:5      | Noticed Eustachio
  5465 | D:5      | Killed Eustachio
  5466 | D:5      | Reached skill level 11 in Ranged Weapons
  5466 | D:5      | Reached XP level 8. HP: 35/63 MP: 7/7
  5744 | D:5      | Reached * piety under Okawaru
  6056 | D:5      | Reached skill level 12 in Ranged Weapons
  6799 | D:6      | Found a sacrificial altar of Ru.
  6799 | D:6      | Found a white marble altar of Elyvilon.
  6963 | D:6      | Reached skill level 13 in Ranged Weapons
  6975 | D:6      | Reached ** piety under Okawaru
  7601 | D:7      | Reached XP level 9. HP: 51/69 MP: 8/8
  7848 | D:7      | Found Morus's Book Boutique.
  8347 | D:7      | Slain by a wight

Illustrated notes

Levels and vault maps discovered:
D:1:      dpeg_arrival_more_subterranean_lakeside_camping, layout_loops_ring,
          minmay_pentomino_p4
D:2:      minmay_general_purpose_star, layout_rooms, basic_altar,
          hangedman_decor_growths, uniq_natasha
D:3:      layout_rooms, minitemple, lightli_sewer_entry_pipes,
          shapermc_ecumenical_altar_mp_urbaneastern, gammafunk_ghost_cemetery,
          hangedman_abyss_or_decor_lesser_grid, chequers_jeans, hex_medium,
          minmay_ruptured
D:4:      layout_rooms, lemuel_round_altar, minmay_temple_entry_arrows,
          dk_rats_in_the_wall
D:5:      layout_basic, zin_academy, kennysheep_cross_bottleneck, uniq_eustachio
D:6:      layout_cave_pods, gammafunk_temple_overflow_pools
D:7:      kennysheep_spiral_hall, layout_basic, nemelex_altar_shiori,
          serial_shops, nicolae_shop_competitors_out_of_business
Temple:   nicolae_temple_godpark

Skill      XL: |  1  2  3  4  5  6  7  8 |
---------------+-------------------------+-----
Fighting       | 3 |  3.0
Ranged Weapons | 5 6 7 9 11 13 | 13.8
Dodging        | |  2.1
Stealth        | |  0.7

Action                   |  1- 3 |  4- 6 |  7- 9 || total
-------------------------+-------+-------+-------++-------
 Fire: Shortbow          |   138 |   226 |   391 ||   755
  Use: Potion            |       |       |     5 ||     5
       Scroll            |       |       |     9 ||     9
Armor: Leather armour    |    20 |    27 |       ||    47
       Ring mail         |       |     2 |    44 ||    46
Dodge: Dodged            |    38 |   101 |   197 ||   336
